 Dungeon Crawl Stone Soup version 0.30.1-11-g7821555f0a (webtiles) character file.

Game seed: 16414317870446561863

8 cvang28 the Insei (level 2, 0/21 HPs)
             Began as a Barachi Transmuter on Nov 9, 2023.
             Slain by a hobgoblin (4 damage)
             ... on level 1 of the Dungeon.
             The game lasted 00:07:00 (317 turns).

cvang28 the Insei (Barachi Transmuter)               Turns: 317, Time: 00:07:01

Health: 0/21       AC:  3    Str: 11    XL:     2   Next: 8%
Magic:  5/5        EV: 12    Int: 13    God:
Gold:   16         SH:  0    Dex: 12    Spells: 4/5 levels left

rFire   . . .        e - +0 dagger
rCold   . . .        (no shield)
rNeg    . . .        a - +0 robe
rPois   .            c - +0 helmet
rElec   .            (no cloak)
rCorr   .            (no gloves)
SInv    .            (no boots)
Will    .....        (no amulet)
Stlth   +            (no ring)
HPRegen 0.23/turn    (no ring)
MPRegen 0.09/turn

%: no passive effects
@: slow
A: amphibious, slowness 1, strong legs 1, +LOS
a: Hop


You were on level 1 of the Dungeon.
You visited 1 branch of the dungeon, and saw 1 of its levels.

You collected 16 gold pieces.

Inventory:

Hand Weapons
 e - a +0 dagger (weapon)
 f - a +0 dagger
Missiles
 d - a stone
Armour
 a - a +0 robe (worn)
 c - a +0 helmet (worn)
Potions
 b - a potion of lignification


   Skills:
 + Level 1.4 Fighting
 + Level 2.3 Dodging
 + Level 3.7 Unarmed Combat
 + Level 2.2 Spellcasting
 + Level 2.2 Transmutations


You had 4 spell levels left.
You knew the following spells:

 Your Spells              Type           Power      Damage    Failure   Level
a - Beastly Appendage     Tmut           14%        N/A       10%         1

Your spell library contained the following spells:

 Spells                   Type           Power      Damage    Failure   Level
 Wereblood                Tmut           7%         N/A       16%         2
 Spider Form              Tmut/Pois      4%         N/A       43%         3
 Ice Form                 Ice/Tmut       4%         N/A       85%         4


Dungeon Overview and Level Annotations

Branches:
Dungeon (1/15)

Altars:


Innate Abilities, Weirdness & Mutations

You are amphibious.
You cover ground slowly.
You can hop short distances.
You have an extended range of vision and can be seen from far away.


Message History

You closely miss the hobgoblin. The hobgoblin closely misses you.
You hit the hobgoblin.
The hobgoblin is moderately wounded.
An endoplasm comes into view.
The hobgoblin barely misses you.
The endoplasm quivers.
You hit the hobgoblin but do no damage.
The hobgoblin is moderately wounded.
The hobgoblin completely misses you.
You hit the hobgoblin but do no damage.
The hobgoblin is moderately wounded.
The hobgoblin hits you.
* * * LOW HITPOINT WARNING * * *
The hobgoblin hits you but does no damage.
The hobgoblin attacks as you move away!
The hobgoblin hits you but does no damage.
The frilled lizard attacks as you move away!
The frilled lizard bites you.
* * * LOW HITPOINT WARNING * * *
There is an open door here.
The frilled lizard attacks as you move away!
The frilled lizard bites you but does no damage.
The hobgoblin attacks as you move away! The hobgoblin closely misses you.
Okay, then.
Clearing monster memory.
Clearing monster memory.
Okay, then.
There are monsters nearby!
There are monsters nearby!
You hit the hobgoblin but do no damage.
The hobgoblin is moderately wounded.
The hobgoblin misses you.
You closely miss the hobgoblin.
The hobgoblin is moderately wounded.
The hobgoblin hits you.
* * * LOW HITPOINT WARNING * * *
You closely miss the hobgoblin.
The hobgoblin is moderately wounded.
The hobgoblin hits you.
You die...

#.............# #
#########†####### #.#
#....##.....# #.#####
#....##.....# #####.##...
#....##.....# ##.....##...
#....##..J..# #...........
#....##..l..###...........
#..†.####g####............
#....# #@##..............
#....# #.##.##...........
+....# ##.##.##...........
#....###.....############.
+.........#### #.
#.....##### #. ####.>...
## .......... ###########
........... #8≈≈≈≈≈≈≈8#


You could see an endoplasm, a hobgoblin and a frilled lizard.

Vanquished Creatures
  An endoplasm (D:1)
  3 goblins (D:1)
  A quokka (D:1)
  A ball python (D:1)
  A rat (D:1)
7 creatures vanquished.

Notes
Turn   | Place    | Note
-------+----------+-------------------------------------------
     0 | D:1      | cvang28 the Barachi Transmuter began the quest for the Orb.
     0 | D:1      | Reached XP level 1. HP: 15/15 MP: 3/3
   296 | D:1      | Reached XP level 2. HP: 10/21 MP: 5/5
   317 | D:1      | Slain by a hobgoblin

Illustrated notes

Levels and vault maps discovered:
D:1:      lightli_arrival_noodles, layout_basic

Action                     || total
---------------------------++-------
  Melee: Unarmed           ||     8
         Dagger            ||    20
  Throw: Stone             ||     3
   Cast: Beastly Appendage ||     1
 Armour: Robe              ||     6
  Dodge: Dodged            ||    26
